Map: Prion Terraces

Players

Mariuslol

  • Race: Zerg Zerg
  • League: Diamond

MorN - Winner!

  • Race: Terran Terran
  • League: Master

VOD

Have the link to the VOD?

Description

Time

  • Played on: Nov. 20, 2015, 6:15 p.m.
  • Length: 10:34
Show
View Real Time Build Order
Export as new Build Order

Mariuslol Zerg 

Build Orders: Hatch First 

Get SALT Encoding   

  12  0:01  Drone  
  13  0:13  Overlord  
  13  0:19  Drone  
  14  0:33  Drone x2  
  16  0:36  Drone  
  17  0:55  Hatchery  
  16  0:58  Drone  
  16  1:00  Drone  
  18  1:08  Extractor  
  18  1:10  Drone  
  18  1:18  Drone  
  19  1:26  Spawning Pool  
  19  1:29  Drone  
  19  1:39  Drone  
  20  1:51  Overlord  
  20  2:14  Queen x2, Zergling x6  
  27  2:21  Metabolic Boost  
  27  2:28  Zergling x2  
  28  2:36  Spore Crawler  
  27  2:38  Drone x2  
  27  2:39  Drone  
  31  2:48  Drone  
  31  2:50  Queen x2  
  36  2:56  Overlord  
  36  3:16  Drone x2  
  36  3:17  Drone x3  
  41  3:23  Drone x3  
  41  3:24  Overlord  
  44  3:30  Overlord  
  44  3:34  Extractor  
  43  3:35  Extractor  
  43  3:40  Overlord, Drone x2  
  44  3:54  Drone x2  
  44  3:55  Lair, Hatchery  
  45  4:00  Drone  
  45  4:01  Drone x2  
  47  4:06  Drone x2  
  47  4:07  Drone  
  47  4:08  Drone  
  51  4:16  Spore Crawler  
  50  4:18  Drone, Spore Crawler  
  50  4:20  Drone  
  51  4:24  Drone  
  51  4:25  Drone  
  53  4:36  Drone x3  
  53  4:37  Evolution Chamber, Drone  
  56  4:48  Overlord  
  56  4:56  Overlord  
  56  5:01  Evolution Chamber  
  56  5:02  Drone x3, Roach Warren  
  56  5:03  Zerg Missile Weapons Level 1  
  58  5:07  Drone x3, Extractor  
  58  5:08  Zergling x2  
  60  5:18  Zergling x4  
  62  5:24  Spore Crawler  
  59  5:34  Drone x5  
  59  5:35  Drone x2  
  51  5:43  Roach  
  51  5:44  Roach x2  
  54  5:54  Drone x3  
  54  5:55  Drone  
  54  5:56  Drone x2  
  55  5:57  Zerg Ground Armor Level 1  
  55  6:00  Drone x2  
  55  6:05  Drone  
  56  6:13  Drone x3  
  56  6:18  Queen x2  
  63  6:20  Drone x2  
  63  6:23  Drone  
  66  6:33  Overseer x2  
  66  6:34  Pneumatized Carapace  
  66  6:35  Drone x3  
  69  6:42  Hatchery, Drone x3  
  69  6:45  Extractor  
  69  6:46  Extractor  
  69  6:48  Drone x2  
  71  7:04  Roach x4  
  71  7:05  Roach  
  71  7:06  Zerg Missile Weapons Level 2  
  81  7:14  Hatchery  
  80  7:20  Overlord x2  
  80  7:21  Overlord x3  
  80  7:30  Overlord  
  80  7:31  Glial Reconstitution  
  80  7:37  Queen  
  80  7:39  Roach  
  80  7:40  Roach x7  
  98  7:46  Drone x2  
  100  7:51  Overlord  
  100  7:52  Roach x3  
  100  7:58  Zerg Ground Armor Level 2, Infestation Pit  
  105  8:04  Roach x2  
  108  8:07  Spine Crawler  
  105  8:21  Roach  
  105  8:22  Roach x6  
  105  8:24  Overlord  
  105  8:26  Roach  
  121  8:40  Ravager x4  
  121  8:41  Overlord, Ravager x2  
  120  8:45  Drone x3  
  120  8:46  Drone x6  
  125  8:53  Drone x5  
  125  8:54  Drone  
  131  9:01  Ravager  
  132  9:10  Roach x3  
  138  9:22  Roach  
  138  9:23  Roach x6  
  152  9:31  Spine Crawler  
  152  9:33  Ravager  
  152  9:34  Overlord  
  152  9:35  Spine Crawler  
  151  9:45  Hatchery  
  150  9:47  Roach  
  150  9:48  Overlord  
  150  9:52  Hydralisk Den  
  143  9:57  Roach x6  
  107  10:02  Roach x3  
  107  10:06  Roach x2  
  107  10:13  Roach  
  107  10:14  Roach x4  
Show
View Real Time Build Order
Export as new Build Order

MorN Terran - Winner!

Build Orders: Liberator Opening, Reaper Expand, MMM Bio 

Get SALT Encoding   

  12  0:00  SCV  
  13  0:13  SCV  
  14  0:17  Supply Depot  
  14  0:25  SCV  
  15  0:38  SCV  
  15  0:40  Barracks  
  16  0:46  Refinery  
  16  0:50  SCV  
  17  1:02  SCV  
  18  1:16  SCV  
  19  1:29  Orbital Command  
  19  1:30  Reaper  
  20  1:42  Command Center  
  20  1:51  Supply Depot  
  20  1:55  SCV  
  21  2:02  Reaper  
  21  2:08  SCV  
  23  2:20  SCV  
  24  2:27  Factory  
  24  2:37  Command Center  
  24  2:49  SCV  
  24  2:50  Barracks Reactor  
  25  2:52  Refinery  
  25  2:54  Orbital Command  
  25  3:01  SCV  
  26  3:13  SCV  
  27  3:22  Starport  
  27  3:23  SCV  
  27  3:25  SCV  
  29  3:33  Barracks Tech Lab  
  29  3:35  SCV  
  29  3:37  SCV  
  31  3:44  Hellion x2  
  31  3:47  SCV  
  33  3:48  Liberator  
  36  3:49  SCV  
  36  3:50  Orbital Command  
  37  4:00  SCV  
  37  4:01  SCV  
  39  4:09  Hellion x2  
  46  4:12  SCV  
  46  4:14  SCV, Stimpack, Marine  
  46  4:15  Supply Depot  
  49  4:17  SCV  
  49  4:24  SCV  
  49  4:28  Refinery, Engineering Bay  
  49  4:29  SCV x2  
  49  4:30  Engineering Bay  
  51  4:34  Hellion x2  
  51  4:37  SCV  
  56  4:42  Supply Depot  
  56  4:44  Marine  
  58  4:45  SCV  
  58  4:52  SCV x2  
  60  4:55  Refinery  
  60  5:02  Terran Infantry Weapons Level 1, Terran Infantry Armor Level 1  
  60  5:03  Barracks  
  60  5:04  Barracks  
  60  5:07  Bunker  
  60  5:08  SCV, Factory Reactor  
  60  5:12  Supply Depot  
  61  5:23  Marine  
  61  5:24  Starport Reactor  
  61  5:25  SCV  
  61  5:26  Supply Depot  
  63  5:39  Orbital Command  
  61  5:51  Marine  
  58  5:59  Orbital Command  
  52  6:05  SCV  
  52  6:08  Factory Reactor  
  52  6:09  Marine  
  54  6:11  Marine x2  
  54  6:12  Marine x2  
  54  6:15  Barracks  
  54  6:16  Supply Depot, Barracks  
  54  6:17  Armory, SCV  
  59  6:25  SCV x2  
  59  6:27  Marine  
  59  6:29  SCV, Marine x3  
  59  6:30  Medivac x2  
  70  6:41  SCV x2  
  70  6:42  SCV, Supply Depot  
  70  6:44  Marine x2  
  75  6:47  Marine  
  75  6:48  Barracks  
  75  6:49  Barracks  
  75  6:50  Barracks  
  75  6:51  Starport  
  75  6:53  SCV x2  
  78  6:54  SCV  
  78  6:56  Widow Mine x2  
  78  7:00  Refinery x2  
  83  7:02  Marine  
  83  7:04  Supply Depot x2, Bunker, Marine  
  83  7:05  SCV x2, Marine x5  
  83  7:06  SCV  
  83  7:07  Combat Shields  
  93  7:19  SCV  
  93  7:20  SCV  
  95  7:23  Marine x2  
  95  7:24  Marine x5  
  95  7:26  SCV, Medivac x2  
  107  7:30  Terran Infantry Weapons Level 2  
  107  7:33  Terran Infantry Armor Level 2  
  107  7:37  Barracks Reactor, Barracks Tech Lab x2  
  107  7:39  SCV  
  107  7:41  Marine x2  
  107  7:42  Terran Vehicle Weapons Level 1  
  110  7:47  Sensor Tower  
  110  7:51  Marine  
  110  7:52  Marine  
  110  7:54  Marine x2  
  110  7:55  Marauder  
  110  7:58  Supply Depot  
  116  8:10  Marine  
  116  8:11  Marauder, Marine x2  
  120  8:12  Marine  
  120  8:13  Marauder, Widow Mine  
  120  8:15  Supply Depot, Starport Reactor  
  120  8:16  Barracks Reactor x2  
  120  8:18  Supply Depot  
  120  8:19  Supply Depot, Widow Mine  
  129  8:20  Marauder  
  129  8:26  Marine x2  
  131  8:28  Marine  
  131  8:29  Supply Depot  
  132  8:36  Medivac  
  132  8:37  Marauder x2  
  140  8:41  Widow Mine  
  140  8:44  Liberator x2  
  140  8:47  Marine x3  
  140  8:48  Marauder, Marine, Widow Mine  
  149  8:49  Marine x2  
  149  8:54  Supply Depot  
  151  8:58  Marauder x2, Liberator, Marine x2  
  151  9:00  Medivac  
  161  9:09  Marauder  
  153  9:10  Widow Mine  
  153  9:13  Liberator  
  153  9:16  Widow Mine  
  160  9:19  Supply Depot, Marauder  
  160  9:24  Command Center, Marine x2  
  160  9:27  Liberator  
  163  9:42  Command Center  
  163  9:44  Medivac  
  159  9:58  Medivac  
  139  10:05  Marauder, Marine x5  
  139  10:06  Marine, Marauder x2  
  143  10:14  Marine x3  
Tags
 
Add a new tag
Caveats
  • Supply blocks, unpowered buildings, or Contaminate may cause inaccurate times.
  • Supply counts are checked every 10 seconds.